 Dungeon Crawl Stone Soup version 0.28.0-43-g3370ac3207 (webtiles) character file.

Game seed: 11132611513549425410

85 Hrothgar the Charlatan (level 4, -3/35 HPs)
             Began as a Draconian Artificer on Mar 17, 2022.
             Was a Follower of the Shining One.
             Slain by Crazy Yiuf
             ... wielding a +2 quarterstaff of chaos
              (7 damage)
             ... on level 2 of the Dungeon.
             The game lasted 00:12:33 (2314 turns).

Hrothgar the Charlatan (Draconian Artificer)        Turns: 2314, Time: 00:12:33

Health: -3/35      AC:  5    Str: 15    XL:     4   Next: 25%
Magic:  5/5        EV: 12    Int: 13    God:    the Shining One [*.....]
Gold:   62         SH:  0    Dex: 11    Spells: 2/5 levels left

rFire   . . .      SeeInvis .   a - +0 club (protect)
rCold   . . .      Faith    .   l - orb {*Rage}
rNeg    . . .      Spirit   .   (armour unavailable)
rPois   +          Reflect  .   (helmet restricted)
rElec   .          Harm     .   (no cloak)
rCorr   .          Rampage  .   (no gloves)
Will    .....      Rage     20% (no boots)
Stlth   +.........              (no amulet)
HPRegen 0.11/turn               f - ring of poison resistance
MPRegen 0.09/turn               (no ring)

@: glowing
A: AC +5, unfitting armour, cold-blooded
a: Renounce Religion, Divine Shield


You were on level 2 of the Dungeon.
You worshipped the Shining One.
The Shining One was aware of your devotion.
You visited 1 branch of the dungeon, and saw 2 of its levels.

You collected 62 gold pieces.

Inventory:

Hand Weapons
 a - a +0 club of protection (weapon)
Missiles
 i - 15 bolts
Armour
 l - an orb of wrath (worn)
Jewellery
 f - a ring of poison resistance (left hand)
Wands
 b - a wand of flame (8)
 c - a wand of charming (15)
 m - a wand of polymorph (6)
Scrolls
 j - a scroll of enchant weapon {unknown}
Potions
 e - a potion of heal wounds {unknown}
 g - a potion of brilliance
 h - 2 potions of curing {unknown}
 k - a potion of lignification {unknown}
Miscellaneous
 d - a piece from Xom's chessboard (6/15)


   Skills:
 * Level 1.3 Fighting
 * Level 1.1 Maces & Flails
 * Level 2.7 Dodging
 * Level 1.2 Stealth
 * Level 1.1 Spellcasting
 * Level 0.1 Conjurations
 * Level 0.3 Invocations
 * Level 3.8 Evocations


You had 2 spell levels left.
You knew the following spells:

 Your Spells              Type           Power      Damage    Failure   Level
a - Magic Dart            Conj           4%         1d3       26%         1
b - Searing Ray           Conj           2%         2d4       36%         2

Your spell library contained the following spells:

 Spells                   Type           Power      Damage    Failure   Level
 Fulminant Prism          Conj/Hex       0%         3d6       95%         4


Dungeon Overview and Level Annotations

Branches:
Dungeon (2/15)

Altars:
The Shining One

Annotations:
D:2 Crazy Yiuf


Innate Abilities, Weirdness & Mutations

Your plain brown scales are hard. (AC +5)
You cannot fit into any form of body armour.
You are cold-blooded and may be slowed by cold attacks.


Message History

The fungus is lightly damaged.
You hit the fungus.
The fungus is lightly damaged.
You hit the fungus. You tail-slap the fungus.
The fungus is lightly damaged.
A nearby fungus withers and dies.
You hit the fungus.
The fungus begins to die.
You tail-slap the fungus.
The fungus is lightly damaged.
You hit the fungus. You tail-slap the fungus.
The fungus is lightly damaged.
You hit the fungus.
The fungus is lightly damaged.
You hit the fungus.
The fungus is lightly damaged.
A nearby fungus withers and dies.
Found a mace.
Found a runed translucent door.
Crazy Yiuf shouts!
You open the door.
You make a move on Xom's chessboard...
Crazy Yiuf struggles to resist.
Crazy Yiuf hits you with a +2 quarterstaff of chaos!
Crazy Yiuf burns you.
You make a move on Xom's chessboard...
Crazy Yiuf struggles to resist.
Crazy Yiuf misses you.
You make a move on Xom's chessboard...
Crazy Yiuf struggles to resist.
Crazy Yiuf barely misses you.
You make a move on Xom's chessboard...
Crazy Yiuf seems to speed up.
Crazy Yiuf completely misses you.
Crazy Yiuf hits you with a +2 quarterstaff of chaos.
You make a move on Xom's chessboard...
Nothing appears to happen.
Crazy Yiuf hits you with a +2 quarterstaff of chaos.
Crazy Yiuf freezes you. Crazy Yiuf barely misses you.
Aiming: Polymorph
Press: ? - help, Shift-Dir - straight line, f - Crazy Yiuf
Aim: Crazy Yiuf, wielding a +2 quarterstaff of chaos and wearing a +1 cloak (fast, haloed, will become a frilled lizard, a centaur, or a jelly, chance to affect: 67%) Crazy Yiuf struggles to resist.
Crazy Yiuf hits you but does no damage.
Crazy Yiuf hits you with a +2 quarterstaff of chaos!
* * * LOW HITPOINT WARNING * * *
Crazy Yiuf hits you with a +2 quarterstaff of chaos!
You die...

......'......#................+..
......####..###.###.##.#...####..
.....## ##..#.## #.##.##.## ##.
....## #.#.## #.....).# ## ...##
#.### ######### # #'## #.# #.#
#.######## #.# #.##.P.#.### ###
#.## #.....@g#..##...# ...###
#....P#####.'...# # .....#
#..#.P# ###..)# ##### ...#.#
#.##### ### #..<> #.##.# #.#
##### ..)... ..# #. #.##.## ####
## #.# .# # #.##.#


You could see Crazy Yiuf (fast).

Vanquished Creatures
  Jessica (D:2)
  3 adders (D:2)
  A worm (D:1)
  5 endoplasms
  2 giant cockroaches
  3 goblins
  5 hobgoblins (D:1)
  2 ball pythons
  A bat (D:2)
  2 frilled lizards (D:2)
  2 kobolds (D:2)
  A rat (D:2)
28 creatures vanquished.

Vanquished Creatures (others)
  6 fungi
  5 plants (D:1)
11 creatures vanquished.

Grand Total: 39 creatures vanquished

Notes
Turn   | Place    | Note
-------+----------+-------------------------------------------
     0 | D:1      | Hrothgar the Draconian Artificer began the quest for the
                  | Orb.
     0 | D:1      | Reached XP level 1. HP: 16/16 MP: 1/1
   167 | D:1      | Reached skill level 1 in Stealth
   185 | D:1      | Found a faded altar of an unknown god.
   197 | D:1      | Prayed at the altar of an unknown god.
   197 | D:1      | Became a worshipper of the Shining One
   197 | D:1      | Reached * piety under the Shining One
   406 | D:1      | Reached XP level 2. HP: 19/23 MP: 2/2
  1300 | D:2      | Reached XP level 3. HP: 28/28 MP: 3/3
  1404 | D:2      | Noticed Jessica
  1664 | D:2      | Learned a level 1 spell: Magic Dart
  1721 | D:2      | Killed Jessica
  1722 | D:2      | Reached skill level 1 in Maces & Flails
  1722 | D:2      | Reached skill level 1 in Spellcasting
  1722 | D:2      | Reached XP level 4. HP: 9/35 MP: 3/5
  2062 | D:2      | Learned a level 2 spell: Searing Ray
  2299 | D:2      | Found a runed translucent door.
  2300 | D:2      | Noticed Crazy Yiuf
  2314 | D:2      | Slain by Crazy Yiuf

Illustrated notes

Levels and vault maps discovered:
D:1:      saegor_arrival_miasma, layout_basic,
          dreamdust_ecumenical_altar_hidden_monk_grotto
D:2:      layout_loops_corners, uniq_jessica, uniq_crazy_yiuf_cottage

Skill      XL: |  1  2  3 |
---------------+----------+-----
Stealth        | 1 |  1.2
Maces & Flails | 1 |  1.1
Spellcasting   | 1 |  1.1
Fighting       | |  1.3
Dodging        | |  2.7
Conjurations   | |  0.1
Invocations    | |  0.3
Evocations     | |  3.8

Action                   |  1- 3 |  4- 6 || total
-------------------------+-------+-------++-------
Melee: Club              |    62 |    10 ||    72
       Tailslap          |     5 |     3 ||     8
       Unarmed           |    10 |       ||    10
 Cast: Magic Dart        |     2 |     9 ||    11
Evoke: Wand              |     7 |     1 ||     8
       Piece from Xom's  |     7 |     6 ||    13
  Use: Scroll            |     4 |       ||     4
Armor: Skin              |    24 |     3 ||    27
Dodge: Dodged            |    53 |    10 ||    63
